 Dungeon Crawl Stone Soup version 0.24.0-1-gfbc8707 (webtiles) character file.

Game seed: 10424675218175341337, levelgen mode: deterministic

14585 BoppinsLewinski the Spear-Bearer (level 12, -1/93 HPs)
             Began as a Human Gladiator on Nov 3, 2019.
             Slain by a two-headed ogre
             ... wielding a +0 giant club
              (22 damage)
             ... on level 12 of the Dungeon.
             The game lasted 00:43:57 (14815 turns).

BoppinsLewinski the Spear-Bearer (Human Gladiator) Turns: 14815, Time: 00:43:58

Health: -1/93      AC: 19    Str: 19    XL:     12   Next: 47%
Magic:  17/17      EV: 11    Int:  9    God:
Gold:   628        SH:  0    Dex: 19    Spells: 11/11 levels left

rFire    + . .     SeeInvis .   n - +2 halberd (freeze)
rCold    . . .     Gourm    .   (shield currently unavailable)
rNeg     . . .     Faith    .   m - +1 plate armour
rPois    .         Spirit   .   c - +0 helmet
rElec    .         Reflect  .   y - +0 cloak
rCorr    .         Harm     .   B - +0 pair of gloves
MR       .....                  o - +0 pair of boots
Stlth    ..........             k - amulet of regeneration
HPRegen  0.65/turn              a - +4 ring of dexterity
MPRegen  0.15/turn              E - ring of protection from fire

@: no status effects
A: no striking features
a: no special abilities


You were on level 12 of the Dungeon.
You were not hungry.

You visited 2 branches of the dungeon, and saw 14 of its levels.
You also visited: Sewer.

You collected 628 gold pieces.

Inventory:

Hand Weapons
 n - a +2 halberd of freezing (weapon)
 C - a cursed +5 morningstar
Armour
 c - a +0 helmet (worn)
 m - a +1 plate armour (worn)
 o - a +0 pair of boots (worn)
 y - a +0 cloak (worn)
 B - a +0 pair of gloves (worn)
Jewellery
 a - a +4 ring of dexterity (left hand)
 i - the amulet "Miyrruxi" {RegenMP rN+, unknown}
   (You found it on level 10 of the Dungeon)

   [amulet of magic regeneration]

   It increases your magic regeneration.
   It protects you from negative energy.
 k - an amulet of regeneration (around neck)
 q - an uncursed ring of ice
 E - a ring of protection from fire (right hand)
Wands
 t - a wand of acid (5)
 u - a wand of flame (55)
 A - a wand of enslavement (2)
Scrolls
 b - 3 scrolls of teleportation
 h - 3 scrolls of fog
 j - 5 scrolls of remove curse
 w - a scroll of enchant armour
Potions
 e - a potion of mutation
 g - a potion of heal wounds
 l - a potion of flight
 r - a potion of resistance
 s - 2 potions of agility {unknown}
 v - a potion of degeneration {unknown}
 x - 2 potions of brilliance {unknown}
 z - 4 potions of lignification
 D - 3 potions of curing
Comestibles
 f - 21 rations


   Skills:
 + Level 8.2 Fighting
 * Level 11.6 Polearms
 - Level 2.0 Throwing
 + Level 7.8 Armour
 + Level 8.7 Dodging
 + Level 7.7 Evocations


You had 11 spell levels left.
You didn't know any spells.
Your spell library contained the following spells:

 Spells                   Type           Power        Failure   Level  Hunger
 Animate Skeleton         Necr           N/A          100%        1    ##.....
 Apportation              Tloc           #.....       100%        1    ##.....
 Beastly Appendage        Tmut           #.....       100%        1    ##.....
 Confusing Touch          Hex            #.....       100%        1    ##.....
 Flame Tongue             Conj/Fire      #....        100%        1    ##.....
 Magic Dart               Conj           #...         100%        1    ##.....
 Shock                    Conj/Air       #...         100%        1    ##.....
 Summon Small Mammal      Summ           #...         100%        1    ##.....
 Blink                    Tloc           N/A          100%        2    ###....
 Call Imp                 Summ           #.......     100%        2    ###....
 Searing Ray              Conj           #.....       100%        2    ###....
 Slow                     Hex            #.......     100%        2    ###....
 Sticks to Snakes         Tmut           #.......     100%        2    ###....
 Swiftness                Chrm/Air       #.......     100%        2    ###....
 Throw Flame              Conj/Fire      #.....       100%        2    ###....
 Conjure Flame            Conj/Fire      #.......     100%        3    ####...
 Dazzling Spray           Conj/Hex       #.....       100%        3    ####...
 Inner Flame              Hex/Fire       #.......     100%        3    ####...
 Mephitic Cloud           Conj/Pois/Air  #.......     100%        3    ####...
 Spider Form              Tmut/Pois      #.........   100%        3    ####...
 Static Discharge         Conj/Air       #.......     100%        3    ####...
 Airstrike                Air            #.........   100%        4    #####..
 Force Lance              Conj/Tloc      #.......     100%        4    #####..
 Fulminant Prism          Conj/Hex       #.........   100%        4    #####..
 Ice Form                 Ice/Tmut       #.......     100%        4    #####..
 Iskenderun's Mystic Bla  Conj           #.......     100%        4    #####..
 Sticky Flame             Conj/Fire      #.......     100%        4    #####..
 Blade Hands              Tmut           #.........   100%        5    ######.
 Fireball                 Conj/Fire      #.........   100%        5    ######.
 Irradiate                Conj/Tmut      #.........   100%        5    ######.
 Lightning Bolt           Conj/Air       #.........   100%        5    ######.
 Hydra Form               Tmut           #.........   100%        6    #######
 Statue Form              Tmut/Erth      #........    100%        6    #######
 Dragon Form              Tmut           #.........   100%        7    #######


Dungeon Overview and Level Annotations

Branches:
Dungeon (13/15)            Temple (1/1) D:5           Sewer (visited)
   Lair: D:8-11         Orc: D:9-12      Vaults: D:13-14

Altars:
Ashenzari
Cheibriados
Dithmenos
Elyvilon
Fedhas
Gozag
Hepliaklqana
Kikubaaqudgha
Makhleb
Nemelex Xobeh
Okawaru
Qazlal
Ru
Sif Muna
Trog
Uskayaw
Vehumet
Wu Jian
Xom
Yredelemnul
Zin
The Shining One

Annotations:
D:4 3 runed translucent doors, sokol815's ghost, amateur OpFi
D:10 5 transporters


Message History

Unknown command.
You puncture the wight!
The wight is moderately damaged.
The wight hits you but does no damage.
You are electrocuted!
* * * LOW HITPOINT WARNING * * *
Unknown command.
You barely miss the wight.
The wight is moderately damaged.
The wight misses you.
Unknown command.
You slash the wight!
The wight is severely damaged.
The wight closely misses you.
Unknown command.
You hit the wight.
The wight is almost destroyed.
Unknown command.
Okay, then.
The two-headed ogre hits you with a +0 giant club!!
You die...

#. #. .. . #
#. .# ##.# ..
####...#####.#
#......))z@.#
#.##...###O##
....... .##
#.###.# ## .
## ### ####Hc


#.ZOcO #># You could see a two-headed ogre and a wight.

Vanquished Creatures
  Fannar (D:10)
  3 hydras
  An unseen horror (D:10)
  2 deep elf magi (D:10)
  A manticore (D:13)
  Maurice (D:10)
  Psyche (D:10)
  2 gargoyles
  A troll (D:10)
  3 hippogriffs
  11 yaks
  A wraith (D:11)
  A spriggan (D:10)
  A hungry ghost (D:7)
  A steam dragon (D:5)
  2 vampire mosquitoes (D:13)
  A water moccasin (D:10)
  3 phantoms
  3 sky beasts
  4 ice beasts
  A black bear (D:9)
  6 orc warriors
  A centaur (D:12)
  9 ogres
  A crocodile (D:11)
  6 bullfrogs
  A scorpion (D:6)
  A water moccasin skeleton (D:9)
  5 killer bees
  4 howler monkeys
  8 wights
  6 crimson imps
  A quasit (D:8)
  A gnoll shaman (D:8)
  9 orc priests
  A bullfrog zombie (D:5)
  3 hounds
  4 bullfrog skeletons
  2 jellies
  15 orc wizards
  6 iguanas
  Natasha (thrice) (D:4)
  4 worker ants
  A killer bee zombie (D:8)
  A hound zombie (D:7)
  8 gnolls
  A river rat (D:5)
  8 adders
  5 shadow imps
  3 oozes
  4 worms
  3 dart slugs
  9 leopard geckos
  55 orcs
  6 giant cockroaches
  14 goblins
  5 hobgoblins
  8 jackals
  7 quokkas
  4 ball pythons
  A ball python skeleton (D:3)
  6 bats
  9 frilled lizards
  A jackal skeleton (D:4)
  12 kobolds
  A quokka zombie (D:6)
  21 rats
335 creatures vanquished.

Vanquished Creatures (collateral kills)
  An orc (D:8)
1 creature vanquished.

Vanquished Creatures (others)
  An orc wizard (D:8)
  An orc (D:8)
  2 fungi (D:4)
  2 plants (D:4)
6 creatures vanquished.

Grand Total: 342 creatures vanquished

Notes
Turn   | Place    | Note
-------+----------+-------------------------------------------
     0 | D:1      | BoppinsLewinski the Human Gladiator began the quest for the
                  | Orb.
     0 | D:1      | Reached XP level 1. HP: 16/16 MP: 1/1
    32 | D:1      | Reached XP level 2. HP: 18/22 MP: 2/2
   229 | D:1      | Reached XP level 3. HP: 20/27 MP: 3/3
   331 | D:1      | Reached skill level 1 in Armour
   769 | D:2      | Reached XP level 4. HP: 32/34 MP: 4/4
   820 | D:2      | Found an ancient bone altar of Kikubaaqudgha.
   821 | D:2      | Found a hazy altar of Hepliaklqana.
   835 | D:2      | Found a blossoming altar of Fedhas.
  1366 | D:2      | Reached skill level 4 in Polearms
  1599 | D:3      | Reached XP level 5. HP: 39/39 MP: 5/5
  1709 | D:3      | Reached skill level 1 in Evocations
  2409 | D:3      | Reached XP level 6. HP: 26/47 MP: 5/7
  3486 | D:4      | Noticed a phantom
  3665 | D:4      | Noticed Natasha
  3701 | D:4      | Killed Natasha
  3722 | D:4      | Reached skill level 5 in Polearms
  3722 | D:4      | Reached XP level 7. HP: 27/52 MP: 8/8
  4296 | D:4      | Found a runed translucent gate.
  4363 | D:4      | Noticed Natasha
  4379 | D:4      | Killed Natasha
  4654 | D:4      | Reached XP level 8. HP: 49/60 MP: 8/10
  4710 | D:4      | Noticed Natasha
  4716 | D:4      | Killed Natasha
  4739 | D:4      | Found a runed translucent gate.
  4740 | D:4      | Found a runed translucent gate.
  4741 | D:4      | Identified the +7 dagger of Context {elec, rF+ Int+4}
  4742 | D:4      | Noticed sokol815's ghost (amateur OpFi)
  4805 | D:4      | Found an opulent altar of Gozag.
  4931 | D:5      | Entered Level 5 of the Dungeon
  5059 | D:5      | Found a sacrificial altar of Ru.
  5331 | D:5      | Found a glowing drain.
  5339 | Sewer    | Entered a sewer
  5701 | D:5      | Reached skill level 6 in Polearms
  5918 | D:5      | Found a staircase to the Ecumenical Temple.
  5991 | Temple   | Entered the Ecumenical Temple
  6111 | D:5      | Reached skill level 5 in Dodging
  6705 | D:6      | Reached XP level 9. HP: 56/66 MP: 11/11
  6711 | D:6      | Reached skill level 7 in Polearms
  6998 | D:6      | Reached skill level 5 in Fighting
  7709 | D:5      | Reached skill level 8 in Polearms
  8844 | D:7      | Reached skill level 5 in Armour
  8868 | D:7      | Reached XP level 10. HP: 74/74 MP: 13/13
  8877 | D:7      | Noticed a five-headed hydra
  8897 | D:7      | Killed a five-headed hydra
  8897 | D:7      | Reached skill level 5 in Evocations
  9703 | D:6      | Reached skill level 9 in Polearms
 10432 | D:8      | Found a radiant altar of Vehumet.
 10491 | D:8      | Got an encrusted scale mail
 11425 | D:8      | Found a basalt altar of Yredelemnul.
 11425 | D:8      | Found a hide-covered altar of Uskayaw.
 11643 | D:8      | Identified the +0 scale mail of the Oligarchy {Int+2
                  | Stlth+} (You found it on level 8 of the Dungeon)
 11748 | D:8      | Reached XP level 11. HP: 67/83 MP: 15/15
 12161 | D:8      | Reached skill level 10 in Polearms
 12766 | D:10     | Entered Level 10 of the Dungeon
 12836 | D:10     | Noticed Maurice
 12847 | D:10     | Paralysed by something for 3 turns
 12854 | D:10     | Paralysed by something for 6 turns
 12865 | D:10     | Killed Maurice
 12914 | D:10     | Noticed Fannar
 12922 | D:10     | Killed Fannar
 13030 | D:10     | Noticed a deep elf mage
 13036 | D:10     | Killed a deep elf mage
 13245 | D:10     | Noticed Psyche
 13273 | D:10     | Paralysed by Psyche for 2 turns
 13277 | D:10     | Paralysed by Psyche for 7 turns
 13286 | D:10     | Killed Psyche
 13412 | D:10     | Found a transporter.
 13412 | D:10     | Found a transporter.
 13425 | D:10     | Found a transporter.
 13440 | D:10     | Found a transporter.
 13448 | D:10     | Noticed a centaur warrior
 13525 | D:10     | Noticed a deep elf mage
 13531 | D:10     | Killed a deep elf mage
 13547 | D:10     | Got a twitching ruby amulet
 13589 | D:10     | Reached skill level 11 in Polearms
 13606 | D:10     | Found a transporter.
 13968 | D:10     | Killed an unseen horror
 13968 | D:10     | Reached XP level 12. HP: 49/92 MP: 17/17
 14505 | D:11     | You fall into a shaft and drop 2 floors!
 14517 | D:13     | Noticed a four-headed hydra
 14522 | D:13     | Killed a four-headed hydra
 14574 | D:12     | Noticed a two-headed ogre
 14785 | D:12     | Noticed a seven-headed hydra
 14795 | D:12     | Killed a seven-headed hydra
 14815 | D:12     | Slain by a two-headed ogre

Levels and vault maps discovered:
D:1:      lightli_arrival_farm, layout_basic
D:2:      layout_basic, gammafunk_temple_overflow_forgotten
D:3:      layout_basic, first_ration, grunt_ministairs_9, minmay_goblin_outpost
D:4:      layout_rooms, grunt_gozag_breadcrumbs, gammafunk_ghost_nasty_kobolds,
          minmay_quantized, uniq_natasha
D:5:      minmay_general_purpose_star, layout_cave_pools,
          overflow_temple_1_default, minmay_temple_entry_arrows,
          cheibrodos_sewer_entry_sluice
D:6:      layout_layer_cave, minmay_bent
D:7:      layout_cave_pools
D:8:      layout_loops_corners, gammafunk_temple_overflow_wave,
          vehumet_altar_wand_db
D:9:      layout_cave_pools
D:10:     gammafunk_the_bubble [the_bubble_gammafunk_roulette],
          layout_layer_cave, hangedman_stone_soup, minmay_librarian,
          uniq_fannar, uniq_psyche, uniq_maurice
D:11:     layout_small_grid, dpeg_oklobed_lair, serial_rivers,
          chequers_serial_rivers_micro_b, chequers_serial_rivers_small_b,
          chequers_serial_rivers_marsh, chequers_serial_rivers_small_3,
          chequers_serial_rivers_small_b, chequers_serial_rivers_small_b
D:12:     minmay_blocky_corners, layout_loops_ring, erik_orc_2
D:13:     layout_loops_cross, david_vaults_2, uniq_urug
Temple:   nicolae_temple_great_sept

Skill      XL: |  1  2  3  4  5  6  7  8  9 10 11 12 |
---------------+-------------------------------------+-----
Armour         | 1 2 4 5 6 7 |  7.8
Polearms       | 4 5 6 8 9 11 | 11.6
Evocations     | 1 2 3 4 6 7 |  7.7
Fighting       | 3 4 5 6 7 8 |  8.2
Dodging        | 4 5 6 7 8 |  8.7
Throwing       | |  2.0

Action                   |  1- 3 |  4- 6 |  7- 9 | 10-12 || total
-------------------------+-------+-------+-------+-------++-------
Melee: Trident           |    91 |   286 |   519 |   120 ||  1016
       Halberd           |       |       |       |   450 ||   450
Throw: Throwing net      |       |     1 |     3 |     3 ||     7
Evoke: Wand              |       |     2 |    12 |    26 ||    40
  Use: Potion            |       |     2 |     4 |    10 ||    16
       Scroll            |       |     4 |     6 |    15 ||    25
 Stab: Sleeping          |     1 |       |       |       ||     1
       Held in net/web   |       |     1 |     2 |     4 ||     7
       Invisible         |       |       |       |     6 ||     6
  Eat: Chunk             |       |     9 |    15 |    13 ||    37
       Ration            |       |       |     1 |     4 ||     5
Armor: Leather armour    |    17 |     2 |       |       ||    19
       Chain mail        |       |   108 |   186 |    98 ||   392
       Ring mail         |       |    13 |       |       ||    13
       Plate armour      |       |       |       |   257 ||   257
Dodge: Dodged            |    44 |   119 |   137 |   327 ||   627
